AoeStats
← Joaquito

Arabia

507304627Analyzed
2v2 RM · 14d ago on Sep 17, 2026· 55m 44s· 4 players
Game mode
Random Map
Map size
Medium (4 player)
Population
200
Speed
Normal
Resources
Standard
Victory
Conquest
Starting age
Dark Age
Ending age
Imperial Age
RankedLock teamsTeams togetherTeam positionsShared explorationLock speedFull tech treeHidden civsTurbo modeCheats
Victory
Defeat
🇨🇴 Malay · Colombia
1185
+13
🇨🇴 Italians · Colombia
1136
+15
🇨🇱 Shu · Chile
1143
-15
🇨🇱 Cumans · Chile
1083
-13
Joaquito
8:05 Loom
10:22 Feudal Age
16:32 Double-Bit Axe
20:13 Fletching
24:53 Castle Age
23:29 Padded Archer Armor
25:20 Crossbowman
28:16 Bodkin Arrow
28:36 Leather Archer Armor
28:27 Gold Mining
34:08 Wheelbarrow
33:47 Scale Mail Armor
33:50 Stone Mining
35:12 Thumb Ring
36:45 Forging
36:07 Pikeman
40:31 Hand Cart
44:08 Gold Shaft Mining
46:31 Imperial Age
45:44 Bow Saw
47:08 Murder Holes
47:48 Bracer
47:42 Arbalester
50:00 Ballistics
cacadecaca38
5:28 Loom
11:36 Feudal Age
12:25 Man-at-Arms
21:42 Forging
23:56 Scale Mail Armor
27:45 Fletching
31:15 Double-Bit Axe
38:09 Castle Age
39:12 Pikeman
41:28 Light Cavalry
44:54 Bow Saw
45:32 Crossbowman
46:59 Padded Archer Armor
49:07 Wheelbarrow
48:46 Bodkin Arrow
51:16 Gold Mining
52:52 Hand Cart
[STT]Kratos_
7:27 Loom
7:45 Loom
9:51 Feudal Age
10:37 Double-Bit Axe
18:09 Fletching
22:08 Horse Collar
26:26 Castle Age
26:17 Gold Mining
26:56 Padded Archer Armor
26:57 Elite Skirmisher
28:48 Thumb Ring
28:06 Crossbowman
32:56 Heavy Plow
33:38 Bodkin Arrow
34:56 Leather Archer Armor
39:43 Ballistics
[STT]Fe_
6:18 Loom
8:48 Feudal Age
9:34 Double-Bit Axe
17:26 Forging
21:20 Castle Age
20:18 Horse Collar
21:36 Iron Casting
21:12 Bow Saw
21:11 Heavy Plow
21:10 Gold Mining
22:47 Scale Barding Armor
24:16 Gold Shaft Mining
24:39 Husbandry
28:00 Wheelbarrow
30:37 Fletching
33:25 Hand Cart
36:06 Elite Skirmisher
37:35 Bodkin Arrow
39:29 Padded Archer Armor
39:19 Town Watch
39:49 Squires
39:10 Pikeman
43:23 Imperial Age
41:41 Leather Archer Armor
41:08 Man-at-Arms
41:34 Arson
42:09 Devotion
42:33 Thumb Ring
41:55 Long Swordsman
44:00 Blast Furnace
43:03 Forced Levy
43:25 Conscription
43:21 Town Patrol
43:04 Two-Handed Swordsman
44:11 Bracer
45:51 Ballistics
48:18 Chemistry
47:50 Capped Ram
49:37 Halberdier
50:26 Stone Mining
51:02 Elite Karambit Warrior
51:31 Treadmill Crane
51:46 Murder Holes
52:15 Siege Engineers
52:39 Elite Battle Elephant
54:10 Ring Archer Armor
53:53 Masonry
56:21 Bombard Tower
Connection lost

Rejoining the realm…

Still unreachable

The connection could not be restored.

Session expired

The server has moved on; the page needs a fresh start.